AoeStats
← Alyosha

Arena

508763758Analyzed
4v4 RM · 7d ago on Sep 24, 2026· 47m 11s· 8 players
Game mode
Random Map
Map size
Large (8 player)
Population
200
Speed
Normal
Resources
Standard
Victory
Conquest
Starting age
Dark Age
Ending age
Imperial Age
RankedLock teamsTeams togetherTeam positionsShared explorationLock speedFull tech treeHidden civsTurbo modeCheats
Victory
Defeat
🇲🇽 Danes · Mexico
747
+16
🇨🇦 Khmer · Canada
717
+17
🇺🇸 Huns · United States
664
+19
🇨🇦 Lithuanians · Canada
649
+21
🇨🇱 Vietnamese · Chile
758
-19
🇺🇸 Turks · United States
751
-19
🇲🇽 Lithuanians · Mexico
739
-18
🇨🇱 Celts · Chile
723
-17
ostiinn
1:00 Loom
1:21 Loom
13:08 Feudal Age
14:25 Horse Collar
15:35 Double-Bit Axe
18:31 Castle Age
18:19 Gold Mining
18:22 Stone Mining
19:36 Wheelbarrow
19:41 Bow Saw
19:34 Heavy Plow
31:34 Imperial Age
31:26 Hamask
32:30 Squires
32:02 Capped Ram
33:51 Conscription
34:43 Forging
36:54 Siege Ram
36:57 Northmen's Fury
37:23 Elite Jomsviking
40:09 Chemistry
39:31 Pikeman
40:03 Halberdier
44:47 Elite Varangian Guard
CouthTortoise40
0:32 Loom
13:32 Feudal Age
19:17 Castle Age
17:50 Double-Bit Axe
21:15 Bow Saw
21:19 Fervor
22:01 Horse Collar
25:00 Stone Mining
25:01 Gold Mining
26:24 Wheelbarrow
28:54 Hand Cart
30:55 Gold Shaft Mining
34:28 Imperial Age
31:43 Town Watch
32:01 Heavy Plow
32:03 Murder Holes
32:15 Husbandry
32:31 Bloodlines
32:39 Caravan
33:59 Marauders
34:31 Forging
34:26 Scale Barding Armor
34:29 Elite Tarkan
35:46 Conscription
37:28 Two-Man Saw
37:50 Iron Casting
37:45 Chain Barding Armor
38:57 Chemistry
39:03 Plate Barding Armor
38:10 Pikeman
38:50 Squires
39:59 Blast Furnace
41:25 Ballistics
41:16 Masonry
45:03 Coinage
★秧★FISHY
2:35 Loom
15:54 Feudal Age
16:36 Horse Collar
17:34 Wheelbarrow
17:10 Double-Bit Axe
21:32 Castle Age
22:06 Stone Mining
22:44 Hand Cart
22:32 Heavy Plow
22:47 Bow Saw
24:48 Gold Mining
31:09 Murder Holes
31:25 Masonry
32:02 Gold Shaft Mining
33:25 Fletching
33:46 Forging
36:14 Imperial Age
34:33 Bodkin Arrow
35:44 Stone Shaft Mining
37:31 Bracer
37:46 Bloodlines
39:05 Iron Casting
38:39 Siege Engineers
42:08 Blast Furnace
42:19 Crop Rotation
42:33 Light Cavalry
44:29 Hussar
45:45 Scale Barding Armor
46:13 Architecture
45:54 Fortified Wall
UpperCut5440
0:28 Loom
13:12 Feudal Age
14:38 Gold Mining
14:41 Stone Mining
14:34 Horse Collar
14:45 Double-Bit Axe
14:40 Man-at-Arms
23:23 Castle Age
21:23 Fletching
24:24 Heavy Plow
24:37 Bow Saw
24:28 Bodkin Arrow
24:34 Padded Archer Armor
26:23 Sanctity
32:31 Wheelbarrow
31:50 Town Watch
33:17 Caravan
33:13 Pikeman
33:19 Elite Skirmisher
34:05 Thumb Ring
36:26 Husbandry
36:52 Ballistics
36:43 Fortified Wall
36:44 Masonry
36:30 Murder Holes
37:43 Hand Cart
39:50 Stone Shaft Mining
39:18 Squires
42:59 Imperial Age
40:49 Scale Mail Armor
44:28 Hoardings
44:32 Bracer
46:52 Leather Archer Armor
46:43 Scale Barding Armor
46:54 Chain Mail Armor
Alyosha
10:59 Feudal Age
16:36 Castle Age
16:10 Double-Bit Axe
18:51 Horse Collar
22:53 Bow Saw
22:39 Stone Mining
24:23 Heavy Plow
26:42 Wheelbarrow
28:04 Loom
29:41 Hand Cart
29:12 Town Watch
31:11 Ballistics
31:56 Caravan
32:07 Murder Holes
31:53 Treadmill Crane
32:24 Masonry
33:23 Gold Mining
35:10 Forging
35:02 Padded Archer Armor
34:54 Fletching
39:13 Imperial Age
38:34 Gold Shaft Mining
40:57 Heavy Camel Rider
42:04 Husbandry
anzolablan
12:18 Feudal Age
13:06 Loom
13:36 Double-Bit Axe
19:26 Castle Age
18:02 Wheelbarrow
17:29 Horse Collar
17:41 Stone Mining
17:43 Gold Mining
19:39 Bloodlines
21:13 Fervor
22:44 Husbandry
24:39 Hand Cart
30:33 Heavy Plow
31:27 Forging
32:06 Stone Shaft Mining
33:04 Iron Casting
32:35 Scale Barding Armor
36:52 Chain Barding Armor
38:11 Treadmill Crane
43:13 Imperial Age
44:32 Plate Barding Armor
44:27 Ballistics
44:03 Murder Holes
45:09 Chemistry
44:19 Fortified Wall
44:25 Elite Leitis
45:26 Conscription
PerdiendoConCan
10:45 Feudal Age
15:07 Castle Age
12:58 Double-Bit Axe
16:26 Bow Saw
25:04 Pikeman
29:20 Imperial Age
26:37 Loom
26:37 Town Watch
27:43 Wheelbarrow
27:26 Horse Collar
29:07 Hand Cart
30:08 Forging
29:48 Fletching
29:33 Halberdier
30:16 Squires
30:01 Arson
31:37 Chemistry
30:19 Treadmill Crane
30:50 Fortified Wall
31:16 Elite Skirmisher
34:04 Imperial Skirmisher
41:02 Bodkin Arrow
42:01 Ballistics
41:49 Siege Engineers
41:59 Bracer
42:36 Iron Casting
42:03 Padded Archer Armor
elguille911
12:01 Feudal Age
16:34 Castle Age
15:56 Double-Bit Axe
17:15 Horse Collar
27:14 Padded Archer Armor
27:25 Forging
27:16 Scale Mail Armor
27:24 Scale Barding Armor
29:43 Light Cavalry
31:41 Heavy Plow
36:38 Imperial Age
34:44 Wheelbarrow
34:18 Caravan
39:20 Chemistry
44:07 Man-at-Arms
44:32 Gambesons
46:18 Pikeman
Connection lost

Rejoining the realm…

Still unreachable

The connection could not be restored.

Session expired

The server has moved on; the page needs a fresh start.